 Dungeon Crawl Stone Soup version 0.23.2 (webtiles) character file.

Game seed: 11274601219381681676

9394 Illumine the Carver (level 11, 0/77 HPs)
             Began as a Demonspawn Monk on Oct 14, 2019.
             Was a Priest of Hepliaklqana.
             Slain by a white ugly thing (28 damage)
             ... on level 11 of the Dungeon on Oct 16, 2019.
             The game lasted 00:18:22 (12581 turns).

Illumine the Carver (Demonspawn Monk)              Turns: 12581, Time: 00:18:23

Health: 0/77       AC: 11    Str: 20    XL:     11   Next: 22%
Magic:  13/13      EV:  9    Int: 11    God:    Hepliaklqana [***...]
Gold:   464        SH:  6    Dex: 16    Spells: 10/10 levels left

rFire    . . .     SeeInvis .   e - +6 dagger (venom)
rCold    . . .     Gourm    .   i - +0 buckler
rNeg     . . .     Faith    .   x - +0 chain mail (curse)
rPois    .         Spirit   .   t - +1 hat
rElec    .         Reflect  .   (no cloak)
rCorr    .         Harm     .   (no gloves)
MR       .....                  (no boots)
Stlth    ..........             (no amulet)
HPRegen  0.22/turn              G - -3 ring of protection (curse)
MPRegen  0.13/turn              (no ring)

@: mighty
A: reduced essence, hooves 2, molten scales 2, foul stench 1, powered by pain 2,
rot immunity
a: Recall Ancestor, Ancestor Identity, Transference, Renounce Religion


You were on level 11 of the Dungeon.
You worshipped Hepliaklqana.
Hepliaklqana was most pleased with you.
You were not hungry.

You visited 2 branches of the dungeon, and saw 12 of its levels.

You collected 464 gold pieces.

Inventory:

Hand Weapons
 a - a +0 falchion
 e - a +6 dagger of venom (weapon)
 y - a +0 battleaxe
 J - a +2 war axe of draining
 K - a +0 long sword
Armour
 d - a +1 leather armour of fire resistance
 i - a +0 buckler (worn)
 t - a +1 hat (worn)
 x - a cursed +0 chain mail (worn)
Jewellery
 G - a cursed -3 ring of protection (left hand)
Wands
 u - a wand of iceblast (24)
 B - a wand of random effects (14)
 E - a wand of enslavement (11)
 H - a wand of acid (6)
Scrolls
 b - 16 scrolls of identify
 f - 2 scrolls of magic mapping
 k - 9 scrolls of remove curse
 m - 3 scrolls of amnesia {unknown}
 n - 5 scrolls of teleportation {unknown}
 q - 3 scrolls of immolation {unknown}
 r - 4 scrolls of fear {unknown}
 w - 2 scrolls of enchant weapon {unknown}
 D - a scroll of acquirement {unknown}
 I - a scroll of vulnerability {unknown}
 L - a scroll of brand weapon {unknown}
Potions
 g - 3 potions of agility
 h - a potion of haste {unknown}
 j - a potion of magic {unknown}
 l - 3 potions of might {unknown}
 o - 2 potions of mutation {unknown}
 p - a potion of ambrosia {unknown}
 s - 3 potions of resistance
 v - a potion of flight {unknown}
 z - 4 potions of curing
 A - a potion of heal wounds
 C - a potion of brilliance {unknown}
 F - 2 potions of berserk rage {unknown}
Comestibles
 c - 16 rations


   Skills:
 + Level 8.2 Fighting
 + Level 10.4 Long Blades
 + Level 8.1 Armour
 + Level 2.7 Dodging
 - Level 1.7 Stealth
 - Level 6.0 Shields
 + Level 2.8 Evocations


You had 10 spell levels left.
You didn't know any spells.
Your spell library contained the following spells:

 Spells                   Type           Power        Failure   Level  Hunger
 Confusing Touch          Hex            #.....       95%         1    ##.....
 Freeze                   Ice            #...         95%         1    ##.....
 Throw Frost              Conj/Ice       #.....       99%         2    ###....
 Confuse                  Hex            #.......     100%        3    ####...
 Gell's Gravitas          Tloc           #.........   100%        3    ####...
 Ozocubu's Armour         Chrm/Ice       #.......     100%        3    ####...
 Petrify                  Tmut/Erth      #.......     100%        4    #####..
 Summon Ice Beast         Ice/Summ       #.......     100%        4    #####..
 Throw Icicle             Conj/Ice       #.......     100%        4    #####..
 Metabolic Englaciation   Hex/Ice        #.........   100%        5    ######.
 Yara's Violent Unravell  Hex/Tmut       #.........   100%        5    ######.


Dungeon Overview and Level Annotations

Branches:
Dungeon (11/15)            Temple (1/1) D:4             Orc (0/2) D:9
   Lair: D:8-11

Altars:
Ashenzari
Cheibriados
Dithmenos
Elyvilon
Fedhas
Gozag
Hepliaklqana
Kikubaaqudgha
Makhleb
Nemelex Xobeh
Okawaru
Qazlal
Ru
Sif Muna
Trog
Uskayaw
Vehumet
Wu Jian
Xom
Yredelemnul
Zin
The Shining One

Shops:
D:8 (


Innate Abilities, Weirdness & Mutations

You have hoof-like feet.
You are mostly covered in molten scales. (AC +3)
You may emit foul miasma when damaged in melee.
You sometimes gain power by taking damage.
You are immune to rotting.
Your life essence is reduced to manifest your ancestor. (-10% HP)


Message History

You kill the hippogriff!
The white ugly thing kicks you but does no damage.
You hit the white ugly thing but do no damage.
The white ugly thing looks as sick as possible!
The white ugly thing is almost dead. Æðelind hits the white ugly thing but does no damage. Æðelind drains the white ugly thing.
You hit the white ugly thing but do no damage.
The white ugly thing is almost dead.
The white ugly thing kicks you!
The white ugly thing freezes you! Æðelind hits the white ugly thing but does no damage.
You hit the white ugly thing but do no damage.
The white ugly thing is almost dead.
You completely miss the white ugly thing.
The white ugly thing is almost dead. Æðelind hits the white ugly thing but does no damage.
The white ugly thing kicks you!
You focus on the pain.
You feel very mighty all of a sudden. The white ugly thing freezes you!!
You die...

### ### #.# ..# #.# #.# #.#
# #.# #.# ### .#
###@###†#####.###.## ... ..
#.☼uR......#........
#..#.##.....###......)......
#..#.##.#...# ##.......###..
...... #...# #.............
.## ###....
...#.................
...#....#
###...##...>....###...
#.#....# ..#?##.#......#
##.. #.....<# .#
..........#.# ##<


You could see the friendly Æðelind the hexer and a white ugly thing.

Vanquished Creatures
  An unseen horror (D:11)
  Pikel (D:5)
  A cyclops (D:11)
  Joseph (D:7)
  A gargoyle (D:10)
  Prince Ribbit (D:7)
  Grinder (D:3)
  4 hippogriffs
  4 wraiths
  A yak (D:11)
  2 hungry ghosts
  Duvessa (D:7)
  2 orc warriors
  A sky beast (D:10)
  A slave (D:5)
  An ice beast (D:5)
  A black bear (D:5)
  2 necrophages
  2 phantoms
  4 ogres
  A crocodile (D:10)
  3 centaurs
  A big kobold (D:7)
  9 bullfrogs
  Dowan (D:7)
  5 killer bees (D:10)
  6 howler monkeys
  3 crimson imps
  4 hounds
  A jelly (D:7)
  6 orc priests
  A bullfrog skeleton (D:6)
  2 iguanas
  Jessica (D:2)
  Natasha (thrice) (D:3)
  3 orc wizards
  10 worker ants
  A human simulacrum (D:10)
  2 hound skeletons
  A worker ant zombie (D:7)
  Robin (D:2)
  14 adders
  An ooze (D:5)
  An adder zombie (D:3)
  4 worms
  2 dart slugs (D:1)
  7 leopard geckos
  20 orcs
  5 bats
  6 giant cockroaches
  14 goblins
  8 hobgoblins
  9 jackals
  A ball python (D:3)
  2 frilled lizards
  11 kobolds
  A quokka skeleton (D:9)
  7 rats
211 creatures vanquished.

Vanquished Creatures (collateral kills)
  Josephine (D:10)
  3 yaks (D:11)
  A sky beast (D:11)
  An ogre (D:10)
  A howler monkey (D:9)
  A quasit (D:9)
  An iguana (D:10)
  2 orc wizards (D:10)
  A worker ant (D:11)
12 creatures vanquished.

Vanquished Creatures (others)
  A slave (D:5)
  A jelly (D:10)
  A hexer (D:10)
  An orc wizard (D:5)
  A human simulacrum (D:10)
  A hound zombie (D:5)
  An adder zombie (D:5)
  2 orcs (D:5)
9 creatures vanquished.

Grand Total: 232 creatures vanquished

Notes
Turn   | Place    | Note
-------+----------+-------------------------------------------
     0 | D:1      | Illumine the Demonspawn Monk began the quest for the Orb.
     0 | D:1      | Reached XP level 1. HP: 18/18 MP: 1/1
    82 | D:1      | Reached skill level 3 in Long Blades
   490 | D:1      | Gained mutation: You have large cloven feet. [demonic
                  | ancestry]
   490 | D:1      | Reached XP level 2. HP: 24/24 MP: 2/2
   620 | D:1      | Found a sparkling altar of Nemelex Xobeh.
   851 | D:1      | Reached XP level 3. HP: 28/29 MP: 3/3
  1190 | D:2      | Reached skill level 1 in Armour
  1320 | D:2      | Noticed Jessica
  1342 | D:2      | Killed Jessica
  1342 | D:2      | Reached skill level 4 in Long Blades
  1342 | D:2      | Gained mutation: You have hoof-like feet. [demonic
                  | ancestry]
  1342 | D:2      | Reached XP level 4. HP: 17/35 MP: 4/4
  1782 | D:2      | Noticed Robin
  1805 | D:2      | Killed Robin
  2131 | D:2      | Found a glowing silver altar of Zin.
  2256 | D:3      | Gained mutation: You are immune to rotting. [demonic
                  | ancestry]
  2256 | D:3      | Reached XP level 5. HP: 41/41 MP: 5/5
  2442 | D:3      | Reached skill level 5 in Long Blades
  2466 | D:3      | Noticed Natasha
  2474 | D:3      | Killed Natasha
  2656 | D:3      | Noticed Natasha
  2664 | D:3      | Killed Natasha
  2686 | D:3      | Gained mutation: You sometimes gain a little power by
                  | taking damage. [demonic ancestry]
  2686 | D:3      | Reached XP level 6. HP: 40/47 MP: 6/6
  2799 | D:3      | Noticed Natasha
  2810 | D:3      | Killed Natasha
  2926 | D:3      | Found a radiant altar of Vehumet.
  2966 | D:3      | Noticed Grinder
  2979 | D:3      | Killed Grinder
  2979 | D:3      | Reached skill level 6 in Long Blades
  3234 | D:4      | Reached XP level 7. HP: 46/52 MP: 7/7
  3514 | D:4      | Found an ancient bone altar of Kikubaaqudgha.
  3741 | D:4      | Reached skill level 7 in Long Blades
  3924 | D:5      | Entered Level 5 of the Dungeon
  3930 | D:5      | Noticed Pikel
  3953 | D:5      | Killed Pikel
  3953 | D:5      | Gained mutation: You sometimes gain power by taking damage.
                  | [demonic ancestry]
  3953 | D:5      | Reached XP level 8. HP: 19/60 MP: 8/8
  4433 | D:6      | Reached skill level 8 in Long Blades
  4688 | D:5      | Reached skill level 5 in Armour
  4963 | D:5      | Found a deep blue altar of Sif Muna.
  5021 | D:5      | Found an opulent altar of Gozag.
  6207 | D:7      | Reached skill level 1 in Shields
  6218 | D:7      | Reached skill level 5 in Fighting
  6219 | D:7      | Gained mutation: You are partially covered in molten
                  | scales. (AC +2) [demonic ancestry]
  6219 | D:7      | Reached XP level 9. HP: 28/68 MP: 9/9
  6490 | D:7      | Noticed Prince Ribbit
  6527 | D:7      | Killed Prince Ribbit
  6959 | D:7      | Reached skill level 9 in Long Blades
  7191 | D:7      | Noticed Duvessa
  7193 | D:7      | Noticed Dowan
  7208 | D:7      | Killed Duvessa
  7221 | D:7      | Killed Dowan
  7632 | D:7      | Noticed Joseph
  7655 | D:7      | Killed Joseph
  8130 | D:8      | Found Agethuy's Weapon Emporium.
  8175 | D:8      | Found a shadowy altar of Dithmenos.
  8582 | D:8      | Gained mutation: You may emit foul miasma when damaged in
                  | melee. [demonic ancestry]
  8582 | D:8      | Reached XP level 10. HP: 74/77 MP: 10/10
  9202 | D:4      | Found a staircase to the Ecumenical Temple.
  9215 | Temple   | Entered the Ecumenical Temple
  9434 | Temple   | Became a worshipper of Hepliaklqana the Forgotten
  9434 | Temple   | Reached * piety under Hepliaklqana
  9434 | Temple   | Reached ** piety under Hepliaklqana
  9435 | Temple   | Remembered your ancestor Æðelind as a hexer
  9617 | D:9      | Found a blossoming altar of Fedhas.
  9742 | D:9      | Found a staircase to the Orcish Mines.
 10148 | D:10     | Entered Level 10 of the Dungeon
 10171 | D:10     | Noticed Josephine
 10317 | D:10     | Found a basalt altar of Yredelemnul.
 10351 | D:10     | Noticed a gargoyle
 10368 | D:10     | Killed a gargoyle
 10652 | D:10     | Reached skill level 5 in Shields
 10660 | D:11     | HP: 3/71 [something (2)]
 10671 | D:11     | Killed an unseen horror
 10671 | D:11     | Reached skill level 10 in Long Blades
 11492 | D:10     | Killed Josephine
 11492 | D:10     | Reached skill level 1 in Evocations
 11514 | D:10     | Gained mutation: You are mostly covered in molten scales.
                  | (AC +3) [demonic ancestry]
 11514 | D:10     | Reached XP level 11. HP: 26/77 MP: 12/12
 11948 | D:10     | Reached *** piety under Hepliaklqana
 12561 | D:11     | Noticed a white ugly thing
 12581 | D:11     | Slain by a white ugly thing

Skill      XL: |  1  2  3  4  5  6  7  8  9 10 11 |
---------------+----------------------------------+-----
Long Blades    | 3 4 5 6 7 8 9 10 | 10.4
Armour         | 1 2 3 4 5 6 7 8 |  8.1
Fighting       | 5 6 7 8 |  8.2
Shields        | 1 4 5 6 |  6.0
Evocations     | 1 2 |  2.8
Dodging        | |  2.7
Stealth        | |  1.7

Action                   |  1- 3 |  4- 6 |  7- 9 | 10-12 || total
-------------------------+-------+-------+-------+-------++-------
Melee: Falchion          |    99 |     4 |    44 |       ||   147
       Kick              |    19 |    22 |   100 |   107 ||   248
       Dagger            |       |   137 |   303 |   297 ||   737
Invok: Recall Ancestor   |       |       |       |     1 ||     1
       Ancestor Life: He |       |       |       |     1 ||     1
       Ancestor Identity |       |       |       |     1 ||     1
Evoke: Wand              |       |       |     4 |     4 ||     8
  Use: Scroll            |     4 |       |       |     2 ||     6
       Potion            |     2 |       |     1 |     1 ||     4
 Stab: Sleeping          |     1 |       |       |       ||     1
       Confused          |       |       |       |     3 ||     3
  Eat: Chunk             |     1 |     6 |     8 |     9 ||    24
       Ration            |       |       |     4 |     2 ||     6
Armor: Ring mail         |    43 |       |       |       ||    43
       Robe              |     1 |       |       |       ||     1
       Skin              |    18 |     5 |       |       ||    23
       Leather armour    |     1 |    35 |    22 |       ||    58
       Chain mail        |       |       |    91 |    92 ||   183
Dodge: Dodged            |    76 |    80 |   102 |    61 ||   319
Block: Buckler           |       |       |    32 |    65 ||    97
       Rpst.: Falchion   |    26 |     1 |     5 |       ||    32
